 Dungeon Sprint DCSS version 0.26.1-11-gd32895ea62 (webtiles) character file.

Game seed: 11232878064260625033

3000000 Zeld the Conqueror (level 23, -29/240 HPs)
             Began as a Minotaur Monk on June 6, 2021.
             Was the Champion of Makhleb.
             Annihilated by The Servant
             ... wielding a +9 glaive of flaming
              (69 damage)
             ... in the Dungeon (Sprint VIII: "Arena of Blood").
             The game lasted 00:00:43 (30 turns).

Zeld the Conqueror (Minotaur Monk)                    Turns: 30, Time: 00:00:44

Health: -29/240    AC:  3    Str: 24    XL:     23   Next: 11%
Magic:  19/37      EV: 32    Int:  7    God:    Makhleb [******]
Gold:   0          SH:  0    Dex: 15    Spells: 44/44 levels left

rFire    . . .     SeeInvis .   h - +∞ Axe of Woe
rCold    . . .     Faith    .   (shield currently unavailable)
rNeg     . . .     Spirit   .   a - +0 robe
rPois    .         Reflect  .   (helmet restricted)
rElec    .         Harm     .   (no cloak)
rCorr    .         Rampage  .   (no gloves)
Will     +....     NoTele   +   (no boots)
Stlth    +++++++++.             (no amulet)
HPRegen  0.50/turn              (no ring)
MPRegen  0.25/turn              (no ring)

@: no status effects
A: retaliatory headbutt, horns 2
a: Renounce Religion, Minor Destruction, Lesser Servant of Makhleb, Major
Destruction, Greater Servant of Makhleb


You were in the Dungeon.
You worshipped Makhleb.
Makhleb was exalted by your worship.
You visited 1 branch

Inventory:

Hand Weapons
 h - the +∞ Axe of Woe (weapon)
   (You found it in the Dungeon)
Armour
 a - a +0 robe (worn)
Scrolls
 g - a scroll of blinking
Potions
 b - a potion of curing
 c - a potion of heal wounds
 d - a potion of haste
 e - 2 potions of magic
 f - a potion of berserk rage


   Skills:
 O Level 27 Fighting
 + Level 16.6(19.2) Short Blades
 + Level 17.9(20.6) Long Blades
 O Level 27 Axes
 + Level 18.0(26.0) Maces & Flails
 + Level 17.9(25.9) Polearms
 + Level 17.9(22.8) Staves
 + Level 16.6(19.2) Slings
 + Level 16.7 Bows
 + Level 16.6 Crossbows
 + Level 15.4(17.9) Throwing
 + Level 17.9 Armour
 O Level 27 Dodging
 O Level 27 Stealth
 + Level 17.9 Shields
 O Level 27 Unarmed Combat
 + Level 11.4 Spellcasting
 + Level 12.3 Conjurations
 + Level 11.4 Hexes
 + Level 12.3 Summonings
 + Level 12.3 Necromancy
 + Level 12.3 Translocations
 + Level 13.3 Transmutations
 + Level 12.3 Fire Magic
 + Level 12.3 Ice Magic
 + Level 12.4 Air Magic
 + Level 13.3 Earth Magic
 + Level 12.3 Poison Magic
 + Level 15.4 Invocations
 + Level 14.3 Evocations


You had 44 spell levels left.
You didn't know any spells.
Your spell library was empty.

Dungeon Overview and Level Annotations

Branches:
Dungeon (1/1)

Altars:
Makhleb

Annotations:
D The Servant


Innate Abilities, Weirdness & Mutations

You reflexively headbutt those who attack you in melee.
You have a pair of horns on your head.


Message History

Unknown command.
Unknown command.
Unknown command.
You hit the bag of meat.
You hew the bag of meat savagely.
You kill the bag of meat!
Makhleb accepts your kill.
You dice the meat berserker like an onion!!!
You hew the meat berserker savagely.
You kill the meat berserker!
Makhleb accepts your kill.
You feel better.
The destroyer appears out of thin air!
A destroyer comes into view. It is wielding a +9 vorpal great sword.
You hear a shout!
The bag of meat is engulfed in blazing flames.
The Servant is engulfed in blazing flames.
The Servant hits you from afar with a +9 glaive of flaming!!!!!
Ouch! That really hurt!
* * * LOW HITPOINT WARNING * * *
The Servant burns you!!!
You die...

......###... ..###.
...........###......
...#........_......
.#..z...§#.....#
.....z...#_.<._#
#....V.§#§.O..#.
...#.○○☼o@§._......
.....o)○o§§###......
.....☼###@§.....###.
..... #§§.....# ....
#..§....# ...
......... #.
.VV...... .
..........
..........
.#........#


You could see The Servant, 3 destroyers, 2 sculptors of flesh, a large bag of
meat (inner flame) and 3 bags of meat.

Vanquished Creatures
  A vampire knight (D)
  12 ogres (D)
  3 two-headed ogres (D)
  16 orcs (D)
32 creatures vanquished.

Notes
Turn   | Place    | Note
-------+----------+-------------------------------------------
     0 | D        | Found the +∞ Axe of Woe
     0 | D        | Zeld the Minotaur Monk began the quest for the Orb.
     0 | D        | Reached XP level 1. HP: 19/19 MP: 0/0
     4 | D        | Became a worshipper of Makhleb the Destroyer
     4 | D        | Reached * piety under Makhleb
     4 | D        | Reached ** piety under Makhleb
     4 | D        | Noticed a meat berserker
     4 | D        | Noticed a meat berserker
     5 | D        | Noticed a bag of meat
     5 | D        | Noticed a bag of meat
     5 | D        | Noticed a meat berserker
     5 | D        | Noticed a bag of meat
     6 | D        | Killed a meat berserker
     6 | D        | Noticed a bag of meat
     6 | D        | Noticed a bag of meat
     7 | D        | Reached skill level 5 in Axes
     7 | D        | Reached XP level 2. HP: 59/59 MP: 1/1
     7 | D        | Reached XP level 3. HP: 66/66 MP: 2/2
     7 | D        | Reached XP level 4. HP: 74/74 MP: 3/3
     7 | D        | Reached XP level 5. HP: 81/81 MP: 4/4
     7 | D        | Reached XP level 6. HP: 90/90 MP: 5/5
     7 | D        | Reached XP level 7. HP: 96/96 MP: 6/6
     7 | D        | Reached XP level 8. HP: 105/105 MP: 7/7
     7 | D        | Reached XP level 9. HP: 112/112 MP: 8/8
     7 | D        | Reached XP level 10. HP: 121/121 MP: 9/9
     7 | D        | Reached XP level 11. HP: 127/127 MP: 10/10
     7 | D        | Reached XP level 12. HP: 136/136 MP: 11/11
     7 | D        | Reached XP level 13. HP: 143/143 MP: 12/12
     7 | D        | Killed a meat berserker
     8 | D        | Reached XP level 14. HP: 159/159 MP: 13/13
     8 | D        | Noticed a meat berserker
     8 | D        | Killed a bag of meat
     8 | D        | Noticed a bag of meat
     9 | D        | Reached skill level 10 in Axes
    10 | D        | Noticed a meat berserker
    10 | D        | Noticed a bag of meat
    11 | D        | Killed a meat berserker
    11 | D        | Reached *** piety under Makhleb
    11 | D        | Killed a bag of meat
    11 | D        | Noticed a meat berserker
    11 | D        | Noticed a meat berserker
    11 | D        | Noticed a bag of meat
    11 | D        | Noticed a meat berserker
    12 | D        | Reached skill level 27 in Fighting
    12 | D        | Reached skill level 10 in Stealth
    12 | D        | Reached XP level 15. HP: 145/174 MP: 14/14
    12 | D        | Killed a meat berserker
    12 | D        | Reached **** piety under Makhleb
    13 | D        | Reached skill level 27 in Dodging
    13 | D        | Reached skill level 15 in Stealth
    13 | D        | Reached skill level 27 in Unarmed Combat
    13 | D        | Reached XP level 16. HP: 183/183 MP: 15/15
    14 | D        | Reached skill level 27 in Axes
    14 | D        | Reached XP level 17. HP: 191/191 MP: 16/16
    14 | D        | Noticed a meat berserker
    14 | D        | Killed a meat berserker
    14 | D        | Reached ***** piety under Makhleb
    16 | D        | Reached skill level 27 in Stealth
    16 | D        | Reached XP level 18. HP: 200/200 MP: 17/17
    16 | D        | Killed a meat berserker
    16 | D        | Killed a meat berserker
    17 | D        | Reached skill level 5 in Transmutations
    17 | D        | Reached skill level 5 in Earth Magic
    17 | D        | Reached skill level 5 in Evocations
    17 | D        | Reached XP level 19. HP: 207/207 MP: 17/24
    17 | D        | Killed a meat berserker
    18 | D        | Reached skill level 5 in Spellcasting
    18 | D        | Reached skill level 5 in Conjurations
    18 | D        | Reached skill level 5 in Hexes
    18 | D        | Reached skill level 5 in Summonings
    18 | D        | Reached skill level 5 in Necromancy
    18 | D        | Reached skill level 5 in Translocations
    18 | D        | Reached skill level 5 in Fire Magic
    18 | D        | Reached skill level 5 in Ice Magic
    18 | D        | Reached skill level 5 in Air Magic
    18 | D        | Reached skill level 5 in Poison Magic
    18 | D        | Noticed a large bag of meat
    18 | D        | Killed a meat berserker
    18 | D        | Noticed a meat berserker
    19 | D        | Reached skill level 10 in Short Blades
    19 | D        | Reached skill level 10 in Slings
    19 | D        | Reached skill level 10 in Bows
    19 | D        | Reached skill level 10 in Crossbows
    19 | D        | Reached XP level 20. HP: 216/216 MP: 17/29
    19 | D        | Noticed a meat berserker
    21 | D        | Killed a large bag of meat
    21 | D        | Noticed a meat berserker
    22 | D        | Reached skill level 10 in Throwing
    22 | D        | Reached skill level 10 in Invocations
    22 | D        | Noticed a destroyer
    23 | D        | Noticed a destroyer
    23 | D        | Killed a meat berserker
    23 | D        | Reached ****** piety under Makhleb
    23 | D        | Noticed a large bag of meat
    24 | D        | Reached skill level 10 in Evocations
    24 | D        | Killed a meat berserker
    24 | D        | Noticed a large bag of meat
    25 | D        | Reached skill level 10 in Conjurations
    25 | D        | Reached skill level 10 in Summonings
    25 | D        | Reached skill level 10 in Necromancy
    25 | D        | Reached skill level 10 in Translocations
    25 | D        | Reached skill level 10 in Transmutations
    25 | D        | Reached skill level 10 in Fire Magic
    25 | D        | Reached skill level 10 in Ice Magic
    25 | D        | Reached skill level 10 in Air Magic
    25 | D        | Reached skill level 10 in Earth Magic
    25 | D        | Reached skill level 10 in Poison Magic
    25 | D        | Reached XP level 21. HP: 224/224 MP: 18/33
    25 | D        | Noticed a large bag of meat
    25 | D        | Killed a large bag of meat
    26 | D        | Reached skill level 15 in Long Blades
    26 | D        | Reached skill level 15 in Maces & Flails
    26 | D        | Reached skill level 15 in Polearms
    26 | D        | Reached skill level 15 in Staves
    26 | D        | Reached skill level 15 in Armour
    26 | D        | Reached skill level 15 in Shields
    27 | D        | Reached skill level 15 in Short Blades
    27 | D        | Reached skill level 15 in Slings
    27 | D        | Reached skill level 15 in Bows
    27 | D        | Reached skill level 15 in Crossbows
    27 | D        | Reached skill level 10 in Spellcasting
    27 | D        | Reached skill level 10 in Hexes
    27 | D        | Reached XP level 22. HP: 219/233 MP: 18/35
    27 | D        | Noticed The Servant
    28 | D        | Noticed a destroyer
    28 | D        | Killed a destroyer
    28 | D        | Killed a large bag of meat
    29 | D        | Reached skill level 15 in Throwing
    29 | D        | Reached skill level 15 in Invocations
    29 | D        | Reached XP level 23. HP: 196/240 MP: 19/37
    30 | D        | Annihilated by The Servant

Illustrated notes

Levels and vault maps discovered:
D:        meatsprint

Skill      XL: |  1  2  3  4  5  6  7  8  9 10 11 12 13 14 15 16 17 18 19 20 21 22 |
---------------+-------------------------------------------------------------------+-----
Fighting       | 21 24 27 | 27.0
Axes           | 5 9 14 25 27 | 27.0
Dodging        | 20 22 26 27 | 27.0
Stealth        | 6 8 10 15 17 27 | 27.0
Unarmed Combat | 19 22 26 27 | 27.0
Short Blades   | 6 10 13 15 16 | 16.6
Long Blades    | 7 11 14 16 17 | 17.9
Maces & Flails | 7 11 14 16 18 | 18.0
Polearms       | 7 11 14 16 17 | 17.9
Staves         | 7 11 14 16 17 | 17.9
Slings         | 6 10 13 15 16 | 16.6
Bows           | 6 10 13 15 16 | 16.7
Crossbows      | 6 10 13 15 16 | 16.6
Throwing       | 6 9 12 13 15 | 15.4
Armour         | 7 11 14 16 17 | 17.9
Shields        | 7 11 14 16 17 | 17.9
Spellcasting   | 4 6 9 10 11 | 11.4
Conjurations   | 4 7 10 11 12 | 12.3
Hexes          | 4 6 9 10 11 | 11.4
Summonings     | 4 7 10 11 12 | 12.3
Necromancy     | 4 7 10 11 12 | 12.3
Translocations | 4 7 10 11 12 | 12.3
Transmutations | 5 8 10 12 13 | 13.3
Fire Magic     | 4 7 10 11 12 | 12.3
Ice Magic      | 4 7 10 11 12 | 12.3
Air Magic      | 4 7 10 11 12 | 12.4
Earth Magic    | 5 8 10 12 13 | 13.3
Poison Magic   | 4 7 10 11 12 | 12.3
Invocations    | 6 9 12 13 15 | 15.4
Evocations     | 5 9 11 12 14 | 14.3

Action                   |  1- 3 |  4- 6 |  7- 9 | 10-12 | 13-15 | 16-18 | 19-21 | 22-24 || total
-------------------------+-------+-------+-------+-------+-------+-------+-------+-------++-------
Melee: Executioner's axe |     1 |       |       |       |     4 |     4 |     7 |     2 ||    18
